 Dungeon Crawl Stone Soup version 0.31-a0-202-g547052bce9 (webtiles) character file.

Game seed: 7975738822221405026

54 qw the Shooter (level 3, -4/20 HPs)
             Began as a Deep Elf Hunter on June 26, 2023.
             Slain by a gnoll bouda
             ... wielding a +0 club
              (7 damage)
             ... on level 3 of the Dungeon.
             The game lasted 00:00:30 (1104 turns).

qw the Shooter (Deep Elf Hunter)                    Turns: 1104, Time: 00:00:31

Health: -4/20      AC:  5    Str: 10    XL:     3   Next: 66%
Magic:  5/5        EV: 11    Int: 13    God:
Gold:   29         SH:  0    Dex: 18    Spells: 2/2 levels left

rFire   . . .        Y - +0 shortbow
rCold   . . .        (shield currently unavailable)
rNeg    . . .        h - +0 ring mail
rPois   .            (no helmet)
rElec   .            (no cloak)
rCorr   .            (no gloves)
SInv    .            (no boots)
Will    .....        (no amulet)
Stlth   +            (no ring)
HPRegen 0.23/turn    (no ring)
MPRegen 0.09/turn

%: no passive effects
@: no status effects
A: no striking features
a: no special abilities


You were on level 3 of the Dungeon.
You visited 1 branch of the dungeon, and saw 3 of its levels.

You collected 71 gold pieces.
You spent 42 gold pieces at shops.


   Skills:
 - Level 1.5 Fighting
 + Level 7.2 Ranged Weapons
 - Level 2.4 Dodging
 - Level 1.2 Stealth


You had 2 spell levels left.
You didn't know any spells.
Your spell library was empty.

Inventory:

Hand Weapons
 Y - a +0 shortbow (weapon)
Armour
 h - a +0 ring mail (worn)
Potions
 a - a potion of curing
 e - a potion of degeneration {unknown}
 g - a potion of haste {unknown}

Dungeon Overview and Level Annotations

Branches:
Dungeon (3/15)

Altars:
Elyvilon

Shops:
D:2 !


Message History

The gnoll barely misses you.
The gnoll hits you from afar with a +0 spear.
You shoot an arrow. The arrow hits the gnoll.
The gnoll is moderately wounded.
The gnoll closely misses you.
The gnoll hits you from afar with a +0 spear!
You shoot an arrow. The arrow hits the gnoll bouda!
The gnoll bouda is moderately wounded.
You hear a shout!
A gnoll comes into view. It is wielding a +0 flail.
The gnoll hits you from afar with a +0 spear.
A gnoll comes into view. It is wielding a +0 club.
You shoot an arrow.
The arrow closely misses the gnoll bouda.
The arrow hits the gnoll but does no damage.
The gnoll is moderately wounded.
Your attacks no longer feel as feeble.
The gnoll hits you but does no damage. The gnoll bouda closely misses you.
You shoot an arrow.
The arrow barely misses the gnoll bouda.
The arrow hits the gnoll.
The gnoll is heavily wounded.
The gnoll barely misses you.
The gnoll bouda calls upon its god to heal the gnoll.
The gnoll is healed somewhat.
The gnoll closely misses you.
You shoot an arrow. The arrow hits the gnoll bouda.
The gnoll bouda is severely wounded.
The gnoll hits you from afar with a +0 spear.
The gnoll bouda hits you but does no damage.
You shoot an arrow.
The arrow closely misses the gnoll bouda.
The gnoll hits you with a +0 club. The gnoll closely misses you.
The gnoll bouda calls upon its god to heal the gnoll.
The gnoll is healed somewhat.
The gnoll closely misses you.
You shoot an arrow.
The arrow hits the gnoll bouda but does no damage.
The gnoll bouda is severely wounded.
The gnoll hits you with a +0 club. The gnoll closely misses you.
The gnoll bouda hits you with a +0 club!
You die...

... ... #..### .... ..#
#..#.. .... ..#
#..#.#...$. #.#
#..#.#.>. #.# #...g..
#.# #g#g### #.# #.g@g.#
####.####.#>#.#
#...........# ..
######.####.##........#
....##.####.##..##......
.........##.##......#.)<
.##<##.#.##.###.##.... .
#.##....... ..# ...
#.##......# .# #


You could see a gnoll bouda and 4 gnolls.

Vanquished Creatures
  An adder (D:2)
  2 dart slugs
  3 ball pythons
  6 endoplasms
  5 goblins
  4 hobgoblins
  3 kobolds
  5 quokkas
  4 bats
  A frilled lizard (D:1)
  2 rats (D:2)
36 creatures vanquished.

Notes
Turn   | Place    | Note
-------+----------+-------------------------------------------
     0 | D:1      | qw the Deep Elf Hunter began the quest for the Orb.
     0 | D:1      | Reached XP level 1. HP: 12/12 MP: 3/3
     0 | D:1      | 0 ||| qw: Version: 0.3-a-22-g0ed2b0b
     0 | D:1      | 0 ||| qw: Game counter: 5742
     0 | D:1      | 0 ||| qw: Melee chars always use a shield: true
     0 | D:1      | 0 ||| qw: God list: Okawaru
     0 | D:1      | 0 ||| qw: Allow faded altars: false
     0 | D:1      | 0 ||| qw: Do Orc after clearing Dungeon:15 true
     0 | D:1      | 0 ||| qw: Do second Lair branch before Depths: true
     0 | D:1      | 0 ||| qw: Lair rune preference: random
     0 | D:1      | 0 ||| qw: Goals: Normal
     0 | D:1      | 0 ||| PLANNING D:1-11
   149 | D:1      | Reached XP level 2. HP: 16/16 MP: 4/4
   157 | D:1      | Reached skill level 6 in Ranged Weapons
   597 | D:1      | 597 ||| READING scroll labelled CAHITAIT UFAE.
   598 | D:1      | 598 ||| READING scroll labelled ZACITI GOIL.
   599 | D:1      | 599 ||| DROPPING scroll of butterflies.
   626 | D:2      | Reached XP level 3. HP: 20/20 MP: 5/5
   633 | D:2      | Found Fepame's Distillery.
   642 | D:2      | 642 ||| BUYING potion of curing (42 gold).
   642 | D:2      | Bought a potion of curing for 42 gold pieces
   642 | D:2      | 642 ||| SHOPLISTING potion of curing (42 gold, have 5).
   642 | D:2      | 642 ||| SHOPLISTING potion of enlightenment (70 gold, have
                  | 5).
   642 | D:2      | 642 ||| SHOPLISTING potion of might (56 gold, have 5).
   664 | D:2      | Found a white marble altar of Elyvilon.
   733 | D:2      | Reached skill level 7 in Ranged Weapons
   779 | D:2      | 779 ||| FLEEEEING.
   781 | D:2      | 781 ||| FLEEEEING.
  1038 | D:2      | 1038 ||| UPGRADING to +0 ring mail.
  1048 | D:2      | 1048 ||| DROPPING +0 leather armour.
  1049 | D:2      | 1049 ||| READING scroll labelled AKEOGA KUTZ.
  1050 | D:2      | 1050 ||| READING scroll labelled SISCHA SAUDIZYT.
  1051 | D:2      | 1051 ||| DRINKING 2 brown potions.
  1093 | D:3      | 1093 ||| Stepping ~*~*~tactically~*~*~ (outnumbered).
  1095 | D:3      | HP: 5/20 [gnoll/+0 spear[a gnoll bouda] (3)]
  1096 | D:3      | 1096 ||| DRINKING potion of heal wounds.
  1102 | D:3      | HP: 5/20 [gnoll/+0 spear[a gnoll bouda] (3)]
  1104 | D:3      | Slain by a gnoll bouda

Levels and vault maps discovered:
D:1:      lightli_arrival_boilingwater, layout_basic, serial_curves,
          eino_curves_03, eino_curves_02, eino_curves_01
D:2:      layout_rooms, basic_altar, serial_shops, shop, nrook_campfire
D:3:      layout_loops_cross, serial_bayou_pond_d

Skill      XL: |  1  2  3 |
---------------+----------+-----
Ranged Weapons | 6 7 |  7.2
Fighting       | |  1.5
Dodging        | |  2.4
Stealth        | |  1.2

Action                     || total
---------------------------++-------
   Fire: Shortbow          ||   107
    Use: Scroll            ||     4
         Potion            ||     2
 Armour: Leather armour    ||     3
         Ring mail         ||     2
  Dodge: Dodged            ||    29

Table legend:
 A = Non-vault XP
 B = Vault XP
 C = Vault XP percentage of total XP
 D = Non-vault monster count
 E = Vault monster count
 F = Vault count percentage of total count
                 A         B        C        D         E       F
            +---------+---------+-------+---------+---------+-------
      Total |      78 |       0 |   0.0 |      36 |       0 |   0.0
            +---------+---------+-------+---------+---------+-------
        D:1 |      39 |       0 |   0.0 |      20 |       0 |   0.0
        D:2 |      39 |       0 |   0.0 |      16 |       0 |   0.0
            +---------+---------+-------+---------+---------+-------
